 Dungeon Crawl Stone Soup version 0.13-a0-2202-g857913d (webtiles) character file.

4388 Kae the Conjurer (level 10, -2/50 HPs)
             Began as a Tengu Fire Elementalist on July 2, 2013.
             Was a Follower of Vehumet.
             Slain by a wraith (5 damage)
             ... on Level 8 of the Dungeon.
             The game lasted 00:23:39 (10175 turns).

Kae the Conjurer (Tengu Fire Elementalist)         Turns: 10175, Time: 00:23:39

HP  -2/50        AC  7     Str  8      XL: 10   Next: 24%
MP   4/23        EV 13     Int 20      God: Vehumet [*.....]
Gold 349         SH  0     Dex 13      Spells:  5 memorised,  4 levels left

Res.Fire  : . . .   See Invis. : .   m - +1,+0 quarterstaff (protect)
Res.Cold  : . . .   Warding    : .   k - +0 robe
Life Prot.: . . .   Conserve   : .   (no shield)
Res.Poison: .       Res.Corr.  : .   (helmet restricted)
Res.Elec. : .       Clarity    : .   (no cloak)
Sust.Abil.: . .     Spirit.Shd : .   (no gloves)
Res.Mut.  : .       Stasis     : .   (boots unavailable)
Res.Rott. : .       Flight     : .   (no amulet)
Saprovore : . . .                    p - cursed -3 ring of dexterity
                                     f - +2 ring of dexterity

@: slowed, very slow, somewhat resistant to hostile enchantments, fairly
stealthy
A: able to fly, beak, talons 3
a: Fly, Renounce Religion


You were on level 8 of the Dungeon.
You worshipped Vehumet.
Vehumet was pleased with you.
You were hungry.

You visited 2 branches of the dungeon, and saw 9 of its levels.

You collected 329 gold pieces.

Inventory:

Hand weapons
 m - a +1,+0 quarterstaff of protection (weapon)
 n - a +2,+0 spear of piercing (quivered)
 q - a cursed -1,+0 orcish flail of protection
Armour
 a - a +0 robe
 k - a +0 robe (worn)
 B - a +0 buckler
Magical devices
 j - a wand of teleportation (4) {unknown}
 l - a wand of random effects (12)
 u - a wand of cold (0)
 y - a wand of frost (3)
Comestibles
 c - 5 bread rations
 d - 2 meat rations
 v - 9 strawberries
 F - 3 rotting chunks of worker ant flesh
Scrolls
 g - 3 scrolls of identify
 r - 2 scrolls of remove curse
Jewellery
 f - a +2 ring of dexterity (left hand)
 p - a cursed -3 ring of dexterity (right hand)
Potions
 e - a potion of brilliance
 h - 3 potions of agility
 i - a potion of restore abilities {unknown}
 s - a potion of degeneration
 z - a potion of mutation {unknown}
Books
 b - a book of Flames

   Spells                             Type                      Level
   *Flame Tongue                      Conjuration/Fire             1
   *Throw Flame                       Conjuration/Fire             2
   *Conjure Flame                     Conjuration/Fire             3
   Inner Flame                        Hexes/Fire                   3
   *Sticky Flame                      Conjuration/Fire             4
   *Fireball                          Conjuration/Fire             5
 w - a Necronomicon {highlevel}

   This book is beyond your current level of understanding.

   Spells                             Type                      Level
   Borgnjor's Revivification          Necromancy                   7
   Haunt                              Necromancy/Summoning         7
   Death's Door                       Charms/Necromancy            8
   Necromutation                      Transmutation/Necromancy     8
 E - a book of the Dragon

   Spells                             Type                      Level
   Flight                             Charms/Air                   3
   Cause Fear                         Hexes                        4
   Bolt of Fire                       Conjuration/Fire             6
   Dragon Form                        Fire/Transmutation           7
   Summon Dragon                      Summoning                    9


   Skills:
 + Level 3.4 Dodging
 - Level 2.0 Stealth
 + Level 5.3 Spellcasting
 * Level 10.8 Conjurations
 * Level 10.0 Fire Magic
 + Level 1.9 Evocations


You had 4 spell levels left.
You knew the following spells:

 Your Spells              Type           Power        Failure   Level  Hunger
a - Flame Tongue          Conj/Fire      #####        1%          1    None
b - Throw Flame           Conj/Fire      #####.       1%          2    None
c - Conjure Flame         Conj/Fire      #####...     1%          3    ##.....
d - Sticky Flame          Conj/Fire      #####...     1%          4    ####...
e - Fireball              Conj/Fire      #####.....   6%          5    #####..


Dungeon Overview and Level Annotations

Branches:
Dungeon (8/27)             Temple (1/1) D:4
    Orc: D:6-11        Lair: D:8-13

Altars:
Ashenzari
Cheibriados
Elyvilon
Fedhas
Kikubaaqudgha
Makhleb
Nemelex Xobeh
Okawaru
Sif Muna
Trog
Vehumet
Xom
Yredelemnul
Zin
the Shining One

Annotations
D:4 exclusion: Menkaure
D:7 exclusion: centaur


Innate Abilities, Weirdness & Mutations

You can fly.
You have a beak for a mouth.
You have claws for feet.


Message History

The orc priest glows brightly for a moment.
The orc misses you. The wraith hits you!
* * * LOW HITPOINT WARNING * * *
The wraith drains your vigor!
You feel as though you will be slow longer.
* * * LOW HITPOINT WARNING * * *
Unknown command.
Casting: Flame Tongue
Confirm with . or Enter, or press ? or * to list all spells.
Aiming: Flame Tongue
Press: ? - help, Shift-Dir - straight line, f/p - orc
Aim: an orc, wielding an orcish dagger and wearing an orcish ring mail (almost dead)
The flame hits the orc.
You kill the orc!
Vehumet accepts your kill.
You flicker back into view.
The orc priest hits you from afar with an orcish trident.
* * * LOW HITPOINT WARNING * * *
The wraith hits you.
You die... ######## #nnZW..# #n##8#.# #n####'# #W# #ยง# #@# MnW ###o## #n# #..)o# +n'

##########....#
#n#
...........o..#
+.+
#.....###....#
#.#
#.....###....#
#.....'......#
#.....##.....#


You could see a wraith, 4 necrophages, 2 orc priests and an orc.

Vanquished Creatures
  Pikel (D:5)
  A hydra skeleton (D:6)
  Grinder (D:3)
  A hippogriff (D:7)
  Eustachio (D:5)
  A hungry ghost (D:7)
  A necrophage (D:6)
  Menkaure (D:4)
  A manticore zombie (D:8)
  2 phantoms
  2 sky beasts
  An orc warrior (D:7)
  A black bear (D:7)
  A hippogriff zombie (D:7)
  An ogre (D:4)
  6 giant frogs
  A wight (D:8)
  3 crimson imps
  2 hounds
  A big kobold skeleton (D:8)
  A hound skeleton (D:8)
  5 orc priests
  10 orc wizards
  2 scorpions
  A statue (D:6)
  5 worker ants
  4 jellies
  3 gnolls (D:4)
  7 adders
  2 inept feature mimics
  An adder skeleton (D:7)
  A giant mite (D:6)
  4 worms
  A bat skeleton (D:7)
  A bat zombie (D:6)
  6 giant geckos
  An ooze (D:1)
  35 orcs
  2 ball pythons
  3 giant cockroaches
  12 goblins
  12 hobgoblins
  8 jackals
  15 bats
  2 giant newts (D:1)
  2 goblin skeletons (D:5)
  16 kobolds
  An orc skeleton (D:4)
  4 quokkas
  20 rats
  2 rat skeletons (D:4)
219 creatures vanquished.

Vanquished Creatures (others)
  An orc (D:3)
  2 goblins
  A quokka (D:7)
  A kobold zombie (D:6)
  A rat (D:4)
6 creatures vanquished.

Grand Total: 225 creatures vanquished

Notes
Turn   | Place    | Note
--------------------------------------------------------------
     0 | D:1      | Kae, the Tengu Fire Elementalist, began the quest for the Orb.
     0 | D:1      | Reached XP level 1. HP: 10/10 MP: 3/3
   197 | D:1      | Reached XP level 2. HP: 10/15 MP: 1/5
   844 | D:2      | Reached XP level 3. HP: 16/19 MP: 5/7
   921 | D:2      | Reached skill level 4 in Fire Magic
  1526 | D:2      | Reached XP level 4. HP: 24/24 MP: 8/8
  1957 | D:3      | Noticed Grinder
  2040 | D:3      | Found a shimmering altar of Xom.
  2356 | D:3      | Noticed a sky beast
  2469 | D:3      | Learned a level 2 spell: Throw Flame
  2473 | D:3      | Learned a level 3 spell: Conjure Flame
  2488 | D:3      | Killed a sky beast
  2488 | D:3      | Reached skill level 5 in Fire Magic
  2488 | D:3      | Reached XP level 5. HP: 18/28 MP: 0/11
  2590 | D:3      | Reached XP level 6. HP: 30/32 MP: 8/13
  2619 | D:3      | Found an iron altar of Okawaru.
  2932 | D:3      | Reached skill level 5 in Conjurations
  3098 | D:3      | Paralysed by Grinder for 2 turns
  3106 | D:3      | Paralysed by Grinder for 3 turns
  3111 | D:3      | Paralysed by Grinder for 2 turns
  3115 | D:3      | Killed Grinder
  3115 | D:3      | Reached skill level 6 in Conjurations
  3115 | D:3      | Reached XP level 7. HP: 34/36 MP: 2/16
  3416 | D:4      | Noticed Menkaure
  4039 | D:4      | Found a glowing silver altar of Zin.
  4102 | D:4      | Killed Menkaure
  4445 | D:4      | Reached XP level 8. HP: 41/41 MP: 11/19
  4471 | D:4      | Reached skill level 7 in Conjurations
  4551 | D:4      | Found a staircase to the Ecumenical Temple.
  4573 | Temple   | Entered the Ecumenical Temple
  4869 | D:5      | Entered Level 5 of the Dungeon
  4912 | D:5      | Noticed Eustachio
  5189 | D:4      | Learned a level 4 spell: Sticky Flame
  5211 | D:5      | Killed Eustachio
  5326 | D:5      | Noticed Pikel
  5334 | D:5      | Killed Pikel
  5334 | D:5      | Reached skill level 8 in Conjurations
  5708 | D:5      | Reached XP level 9. HP: 45/45 MP: 16/21
  6159 | D:6      | Found a staircase to the Orcish Mines.
  6451 | D:6      | the staircase to the Orcish Mines was a mimic.
  6945 | D:6      | Reached skill level 9 in Conjurations
  7252 | D:6      | Noticed a six-headed hydra skeleton
  7273 | D:6      | Killed a six-headed hydra skeleton
  7423 | D:6      | Found a radiant altar of Vehumet.
  7440 | D:6      | Became a worshipper of Vehumet
  7473 | D:6      | HP: 2/45 [orc wizard/magic dart (4)]
  8218 | D:6      | Found a burning altar of Makhleb.
  8218 | D:6      | Found a blossoming altar of Fedhas.
  8567 | D:7      | Found an iron altar of Okawaru.
  8605 | D:7      | Reached skill level 10 in Conjurations
  8875 | D:7      | Reached skill level 5 in Spellcasting
  8926 | D:7      | Found a white marble altar of Elyvilon.
  8979 | D:7      | Reached XP level 10. HP: 27/50 MP: 19/23
  8996 | D:7      | Reached skill level 1 in Evocations
  9888 | D:8      | Learned a level 5 spell: Fireball
  9947 | D:8      | Reached skill level 10 in Fire Magic
 10155 | D:8      | Acquired Vehumet's first power
 10155 | D:8      | Offered knowledge of Shock by Vehumet.
 10175 | D:8      | Slain by a wraith

Action                   |  1- 3 |  4- 6 |  7- 9 | 10-12 || total
-------------------------+-------+-------+-------+-------++-------
Melee: Unarmed           |    45 |    44 |    34 |       ||   123
       Quarterstaff      |       |       |    15 |    18 ||    33
 Cast: Flame Tongue      |    53 |    75 |   249 |    74 ||   451
       Conjure Flame     |       |     3 |    13 |     5 ||    21
       Throw Flame       |       |     2 |    34 |     1 ||    37
       Sticky Flame      |       |       |     4 |     1 ||     5
Evoke: Wand              |       |       |     9 |    11 ||    20
  Use: Scroll            |     4 |     1 |     6 |     2 ||    13
       Potion            |       |       |     5 |     5 ||    10
 Stab: Sleeping          |       |       |     1 |       ||     1
